 Dungeon Crawl Stone Soup version 0.21-a0-538-gd16b88a (webtiles) character file.

252 tidbits the Digger (level 6, -1/44 HPs)
             Began as a Gnoll Earth Elementalist on Dec 15, 2017.
             Shot with an arrow by a centaur (6 damage)
             ... on level 5 of the Dungeon.
             The game lasted 00:08:54 (1003 turns).

tidbits the Digger (Gnoll Earth Elementalist)       Turns: 1003, Time: 00:08:55

Health: -1/44      AC:  3    Str: 10    XL:     6   Next: 14%
Magic:  9/13       EV: 15    Int: 20    God:
Gold:   137        SH:  0    Dex: 15    Spells: 6/15 levels left

rFire    . . .     SeeInvis .   f - +0 short sword
rCold    . . .     Gourm    .   (no shield)
rNeg     . . .     Faith    .   c - +0 robe
rPois    .         Spirit   .   (no helmet)
rElec    .         Reflect  .   (no cloak)
rCorr    +         Harm     .   l - +0 pair of gloves
MR       .....                  (no boots)
Stlth    +++.......             (no amulet)
HPRegen  0.14/turn              m - ring of resist corrosion
MPRegen  0.13/turn              (no ring)

@: no status effects
A: distributed training, fangs 1, strong nose
a: no special abilities


You were on level 5 of the Dungeon.
You were not hungry.

You visited 1 branch of the dungeon, and saw 5 of its levels.

You collected 137 gold pieces.

Inventory:

Hand Weapons
 a - a +0 great sword
 f - a +0 short sword (weapon)
 i - a +0 dagger
 j - a +0 hunting sling
 B - a +0 war axe
Missiles
 b - 36 stones (quivered)
 q - 62 arrows
 t - 37 sling bullets
Armour
 c - a +0 robe (worn)
 l - a +0 pair of gloves (worn)
Jewellery
 m - a ring of resist corrosion (left hand)
   (You found it on level 2 of the Dungeon)
Wands
 o - a wand of clouds (4)
 C - a wand of digging (20)
Scrolls
 u - 2 scrolls of teleportation
 v - a scroll of remove curse
 x - a scroll of magic mapping {unknown}
 y - a scroll of identify
Potions
 g - a potion of curing
 h - 4 potions of might
 k - 2 potions of heal wounds
 n - a potion of magic
 p - a potion of haste
 z - a potion of ambrosia {unknown}
 A - 2 potions of brilliance {unknown}
Books
 e - a book of Geomancy

   Spells                             Type                      Level
   a - Sandblast                      Earth                        1
   b - Passwall                       Transmutation/Earth          2
   c - Stone Arrow                    Conjuration/Earth            3
   d - Petrify                        Transmutation/Earth          4
   e - Lee's Rapid Deconstruction     Earth                        5
 s - a book of Maledictions
   (You found it on level 2 of the Dungeon)

   Spells                             Type                      Level
   a - Corona                         Hexes                        1
   b - Ensorcelled Hibernation        Hexes/Ice                    2
   c - Confuse                        Hexes                        3
   d - Tukima's Dance                 Hexes                        3
   e - Dazzling Spray                 Conjuration/Hexes            3
Comestibles
 d - 4 bread rations
 r - 3 meat rations
 w - a royal jelly


   Skills:
 + Level 1.8 Fighting
 + Level 1.8 Short Blades
 + Level 1.8 Long Blades
 + Level 1.8 Axes
 + Level 1.8 Maces & Flails
 + Level 1.8 Polearms
 + Level 1.8 Staves
 + Level 1.8 Slings
 + Level 1.8 Bows
 + Level 1.8 Crossbows
 + Level 1.8 Throwing
 + Level 1.8 Armour
 + Level 4.9 Dodging
 + Level 4.5 Stealth
 + Level 1.8 Shields
 + Level 1.8 Unarmed Combat
 + Level 5.3 Spellcasting
 + Level 1.4 Conjurations
 + Level 1.4 Hexes
 + Level 1.4 Charms
 + Level 1.4 Summonings
 + Level 1.4 Necromancy
 + Level 1.4 Translocations
 + Level 2.5 Transmutations
 + Level 1.4 Fire Magic
 + Level 1.4 Ice Magic
 + Level 1.4 Air Magic
 + Level 5.6 Earth Magic
 + Level 1.4 Poison Magic
 + Level 2.0 Invocations
 + Level 1.8 Evocations


You had 6 spell levels left.
You knew the following spells:

 Your Spells              Type           Power        Failure   Level  Hunger
a - Sandblast             Erth           ####..       1%          1    None
d - Dazzling Spray        Conj/Hex       ##....       19%         3    ##.....
t - Stone Arrow           Conj/Erth      ###...       8%          3    ##.....
w - Passwall              Tmut/Erth      ###.......   3%          2    None


Dungeon Overview and Level Annotations

Branches:
Dungeon (5/15)
 Temple: D:4-7

Altars:
Ru
Xom
Zin
The Shining One

Shops:
D:5 (


Innate Abilities, Weirdness & Mutations

Your experience applies equally to all skills.
You have very sharp teeth.
Your uncanny sense of smell can sniff out nearby items.


Message History

You kill the adder!
b - 41 stones
There is an entrance to Rungiutwo's Antique Weapon Shoppe here.
You can access your shopping list by pressing '$'.
A water moccasin zombie comes into view.
Found 15 sling bullets.
A leopard gecko zombie comes into view.
The leopard gecko zombie moves out of view.
You hear a distant blaring wail to the northwest.
Casting: Sandblast
Confirm with . or Enter, or press ? or * to list all spells.
Aiming: Sandblast
Press: ? - help, Shift-Dir - straight line, f - leopard gecko zombie
Aim: a leopard gecko zombie The blast of sand hits the leopard gecko zombie.
You destroy the leopard gecko zombie!
b - 40 stones
Found a potion of might.
You see here 15 sling bullets.
t - 37 sling bullets (gained 15)
You see here a potion of might.
h - 4 potions of might (gained 1)
You open the door.
An adder zombie comes into view.
Found 10 gold pieces.
There is an open door here.
You see here 10 gold pieces.
You now have 137 gold pieces (gained 10).
Casting: Sandblast
Confirm with . or Enter, or press ? or * to list all spells.
Which direction?
You begin to meditate on the wall.
You continue meditating on the rock. x2
You finish merging with the rock.
Found a potion of heal wounds.
You see here a potion of heal wounds.
k - 3 potions of heal wounds (gained 1)
You open the door.
There is an open door here.
You open the door.
There is an open door here.
The centaur picks up a scroll labeled OZU WEIPTIE.
A centaur comes into view.
You hear a distant slurping noise.
What are your orders? t - Bark!
Orders for allies: a - Attack new target. r - Retreat! s - Stop attacking. g - Guard the area. f - Follow me.
Anything else - Cancel.
You bark for attention!
The centaur shouts!
The centaur wields a shortbow.
The centaur shoots an arrow.
The arrow hits you!
The centaur shoots an arrow.
The arrow hits you!
* * * LOW HITPOINT WARNING * * *
You see here an arrow.
The centaur shoots an arrow.
The arrow hits you.
* * * LOW HITPOINT WARNING * * *
The centaur shoots an arrow.
The arrow hits you!
* * * LOW HITPOINT WARNING * * *
You see here 2 arrows.
You feel much better.
The centaur shoots an arrow.
The arrow misses you.
Casting: Passwall
Confirm with . or Enter, or press ? or * to list all spells.
Aiming: Sandblast
Press: ? - help, Shift-Dir - straight line, f - centaur
Aim: a centaur, wielding a shortbow The blast of sand hits the centaur.
The centaur is lightly wounded.
b - 39 stones
Casting: Sandblast
Confirm with . or Enter, or press ? or * to list all spells.
Aiming: Sandblast
Press: ? - help, Shift-Dir - straight line, f/p - centaur
Aim: a centaur, wielding a shortbow (lightly wounded)
The blast of sand hits the centaur.
The centaur is moderately wounded.
b - 38 stones The centaur shoots an arrow.
The arrow closely misses you.
The centaur shoots an arrow.
The arrow hits you!
* * * LOW HITPOINT WARNING * * *
Casting: Sandblast
Confirm with . or Enter, or press ? or * to list all spells.
Aiming: Sandblast
Press: ? - help, Shift-Dir - straight line, f/p - centaur
Aim: a centaur, wielding a shortbow (moderately wounded)
The blast of sand hits the centaur.
The centaur is moderately wounded.
b - 37 stones The centaur shoots an arrow.
The arrow hits you.
* * * LOW HITPOINT WARNING * * *
Casting: Sandblast
Confirm with . or Enter, or press ? or * to list all spells.
Aiming: Sandblast
Press: ? - help, Shift-Dir - straight line, f/p - centaur
Aim: a centaur, wielding a shortbow (moderately wounded)
The blast of sand hits the centaur.
The centaur is heavily wounded.
b - 36 stones The centaur shoots an arrow.
The arrow misses you.
The centaur shoots an arrow.
The arrow hits you.
You die...

################
#..........#...#
#####..........#...#
...............'...##
...............#....#
.....c.@((.((..#'####
.....##+##..........#
... +..........# .
#..........#
#..........####
#..........#...
#..........#...
.......##+###...
.......#...#....


You could see a centaur.

Vanquished Creatures
  Jessica (D:3)
  3 worker ants (D:4)
  2 hound skeletons
  7 adders
  A gnoll (D:3)
  An adder skeleton (D:4)
  A worm (D:2)
  2 leopard geckos
  5 orcs
  8 bats
  A giant cockroach (D:3)
  A goblin (D:1)
  4 hobgoblins
  3 jackals (D:3)
  2 quokkas (D:5)
  5 frilled lizards (D:2)
  4 kobolds
  A leopard gecko zombie (D:5)
  4 rats (D:2)
56 creatures vanquished.

Notes
Turn   | Place    | Note
-------+----------+-------------------------------------------
     0 | D:1      | tidbits the Gnoll Earth Elementalist began the quest for the Orb.
     0 | D:1      | Reached XP level 1. HP: 13/13 MP: 6/6
   103 | D:1      | Reached skill level 2 in Transmutations
   113 | D:1      | Reached XP level 2. HP: 19/19 MP: 3/7
   117 | D:1      | Learned a level 2 spell: Passwall
   205 | D:2      | Reached XP level 3. HP: 25/25 MP: 3/9
   221 | D:2      | Reached skill level 5 in Spellcasting
   274 | D:2      | Reached skill level 1 in Invocations
   322 | D:3      | Reached skill level 1 in Fighting
   322 | D:3      | Reached skill level 1 in Short Blades
   322 | D:3      | Reached skill level 1 in Long Blades
   322 | D:3      | Reached skill level 1 in Axes
   322 | D:3      | Reached skill level 1 in Maces & Flails
   322 | D:3      | Reached skill level 1 in Polearms
   322 | D:3      | Reached skill level 1 in Staves
   322 | D:3      | Reached skill level 1 in Slings
   322 | D:3      | Reached skill level 1 in Bows
   322 | D:3      | Reached skill level 1 in Crossbows
   322 | D:3      | Reached skill level 1 in Throwing
   322 | D:3      | Reached skill level 1 in Armour
   322 | D:3      | Reached skill level 1 in Shields
   322 | D:3      | Reached skill level 1 in Unarmed Combat
   322 | D:3      | Reached skill level 1 in Evocations
   334 | D:3      | Reached XP level 4. HP: 20/32 MP: 0/11
   476 | D:3      | Found a glowing golden altar of the Shining One.
   512 | D:3      | Learned a level 3 spell: Stone Arrow
   516 | D:3      | Learned a level 3 spell: Dazzling Spray
   530 | D:3      | Found a shimmering altar of Xom.
   531 | D:3      | Noticed Jessica
   535 | D:3      | Killed Jessica
   535 | D:3      | Reached skill level 1 in Conjurations
   535 | D:3      | Reached skill level 1 in Hexes
   535 | D:3      | Reached skill level 1 in Charms
   535 | D:3      | Reached skill level 1 in Summonings
   535 | D:3      | Reached skill level 1 in Necromancy
   535 | D:3      | Reached skill level 1 in Translocations
   535 | D:3      | Reached skill level 1 in Fire Magic
   535 | D:3      | Reached skill level 1 in Ice Magic
   535 | D:3      | Reached skill level 1 in Air Magic
   535 | D:3      | Reached skill level 1 in Poison Magic
   631 | D:4      | Reached XP level 5. HP: 15/37 MP: 4/12
   672 | D:5      | Entered Level 5 of the Dungeon
   672 | D:5      | Noticed a phantom
   838 | D:4      | Reached XP level 6. HP: 36/44 MP: 1/13
   897 | D:4      | Found a sacrificial altar of Ru.
   897 | D:4      | Found a glowing silver altar of Zin.
   918 | D:4      | Reached skill level 2 in Invocations
   940 | D:5      | Found Rungiutwo's Antique Weapon Shoppe.
   998 | D:5      | HP: 4/44 [centaur/arrow (9)]
  1003 | D:5      | Shot with an arrow by a centaur

Vault maps used:
D:1:      eino_arrival_water_star
D:3:      lemuel_castle_with_subvaults, nicolae_tso_carved_into_rock,
          lemuel_crystal_altar, uniq_jessica
D:4:      gammafunk_temple_overflow_elements, first_bread, led_sif_book
D:5:      serial_shops, nicolae_shop_overgrown_old_shop, minivault_5

Skill      XL: |  1  2  3  4  5  6 |
---------------+-------------------+-----
Transmutations | 2 |  2.5
Spellcasting   | 5 |  5.3
Invocations    | 1 2 |  2.0
Fighting       | 1 |  1.8
Short Blades   | 1 |  1.8
Long Blades    | 1 |  1.8
Axes           | 1 |  1.8
Maces & Flails | 1 |  1.8
Polearms       | 1 |  1.8
Staves         | 1 |  1.8
Slings         | 1 |  1.8
Bows           | 1 |  1.8
Crossbows      | 1 |  1.8
Throwing       | 1 |  1.8
Armour         | 1 |  1.8
Shields        | 1 |  1.8
Unarmed Combat | 1 |  1.8
Evocations     | 1 |  1.8
Conjurations   | 1 |  1.4
Hexes          | 1 |  1.4
Charms         | 1 |  1.4
Summonings     | 1 |  1.4
Necromancy     | 1 |  1.4
Translocations | 1 |  1.4
Fire Magic     | 1 |  1.4
Ice Magic      | 1 |  1.4
Air Magic      | 1 |  1.4
Poison Magic   | 1 |  1.4
Dodging        | |  4.9
Stealth        | |  4.5
Earth Magic    | |  5.6

Action                   |  1- 3 |  4- 6 || total
-------------------------+-------+-------++-------
Melee: Short sword       |    26 |    18 ||    44
       Bite              |     2 |     1 ||     3
 Cast: Sandblast         |    30 |    54 ||    84
       Passwall          |       |     8 ||     8
  Use: Potion            |     1 |     1 ||     2
       Scroll            |       |     6 ||     6
 Stab: Sleeping          |     4 |       ||     4
  Eat: Royal jelly       |     1 |     1 ||     2
Armor: Robe              |    11 |    13 ||    24
Dodge: Dodged            |    53 |    40 ||    93

Table legend:
 A = Spawn XP
 B = Non-spawn XP
 C = Spawn XP percentage of total XP
 D = Spawn monster count
 E = Non-spawn monster count
 F = Spawn count percentage of total count
 G = Total turns spent on level
                    A         B        C        D         E        F      G
               +---------+---------+-------+---------+---------+-------+---------
         Total |       0 |     361 |   0.0 |       0 |      56 |   0.0 |  1003
               +---------+---------+-------+---------+---------+-------+---------
           D:1 |       0 |      12 |   0.0 |       0 |       7 |   0.0 |   155
           D:2 |       0 |      71 |   0.0 |       0 |      23 |   0.0 |   264
           D:3 |       0 |      80 |   0.0 |       0 |      10 |   0.0 |   264
           D:4 |       0 |     159 |   0.0 |       0 |      11 |   0.0 |   218
           D:5 |       0 |      39 |   0.0 |       0 |       5 |   0.0 |   102
               +---------+---------+-------+---------+---------+-------+---------

Table legend:
 A = Turns spent in this place as a percentage of turns spent in the entire game.
 B = Non-inter-level travel turns spent in this place as a percentage of non-inter-level travel turns spent in the entire game.
 C = Inter-level travel turns spent in this place as a percentage of turns spent in this place.
 D = Turns resting spent in this place as a percentage of non-inter-level travel turns spent in this place.
 E = Turns spent auto-exploring this place as a percentage of non-inter-level travel turns spent in this place.
 F = Non-inter-level travel turns spent in this place divided by the number of levels of this place that you've seen.
                   A       B       C       D       E      F
               +-------+-------+-------+-------+-------+----------------------
         Total | 100.0 | 100.0 |   0.0 |   0.0 |   0.0 | 200.6
       Dungeon | 100.0 | 100.0 |   0.0 |   0.0 |   0.0 | 200.6
               +-------+-------+-------+-------+-------+----------------------

Table legend:
 A = Kills in this place as a percentage of kills in entire the game.
 B = Kills by you in this place as a percentage of kills by you in the entire game.
 C = Kills by friends in this place as a percentage of kills by friends in the entire game.
 D = Other kills in this place as a percentage of other kills in the entire game.
 E = Experience gained in this place as a percentage of experience gained in the entire game.
 F = Experience gained in this place divided by the number of levels of this place that you have seen.
                   A       B       C       D       E      F
               +-------+-------+-------+-------+-------+----------------------
         Total | 100.0 | 100.0 |   N/A |   N/A | 100.0 |  72.2
       Dungeon | 100.0 | 100.0 |   N/A |   N/A | 100.0 |  72.2
               +-------+-------+-------+-------+-------+----------------------

Vault maps used:
D:1:      eino_arrival_water_star
D:3:      lemuel_castle_with_subvaults, nicolae_tso_carved_into_rock,
          lemuel_crystal_altar, uniq_jessica
D:4:      gammafunk_temple_overflow_elements, first_bread, led_sif_book
D:5:      serial_shops, nicolae_shop_overgrown_old_shop, minivault_5
